hackurai, lawful male human Samurai ------ |.....#### |....| # ------- |`....# ### -------- #dk....| |....|########.......| u@#|\....| |....-# ###|......| # |.....| ------# # #.......| ### |..(..| # ### ---|---- # -----.- # # # ### #### # # --.---------# ### # |......{....## # # |..........|## -|----------# |.......[...#### ---.*..<.....|# ---+-------- # |............|# ####.............|# |.............# |..........--- ------------ hackurai the Ninja Experience level: 7 Strength: 14 Dexterity: 16 Constitution: 18 Intelligence: 9 Wisdom: 11 Charisma: 7 Health: 0(65) Energy: 21(21) Def: 9 Gold: 129 Moves: 4131 Dungeon seed: UoAfwBtf1YIhai-8 Game ID: hackurai_1467808327 Your Inventory: Coins $ - 129 gold pieces Weapons a - an uncursed +0 katana (weapon in hand) c - an uncursed +1 yumi (alternate weapon; not wielded) d - 45 uncursed +0 ya (in quiver) m - an uncursed +0 elven spear Armor e - an uncursed rustproof +0 splint mail (being worn) n - a blessed +0 dwarvish cloak (being worn) q - an uncursed +0 orcish helm (being worn) z - an uncursed +1 pair of kicking boots (being worn) Comestibles L - an uncursed lizard corpse Scrolls u - an uncursed scroll of destroy armor C - an uncursed scroll of teleportation D - a cursed scroll of enchant armor Potions x - an uncursed potion of water Wands r - an uncursed wand of make invisible (0:3) t - an uncursed wand of striking (0:7) v - an uncursed wand of enlightenment (0:12) A - an uncursed wand of enlightenment (0:12) E - a blessed wand of sleep (0:8) G - an uncursed wand of slow monster (0:7) Tools k - an uncursed skeleton key B - a cursed sack P - an uncursed towel Contents of the sack: 329 gold pieces 5 uncursed +0 arrows 5 blessed +0 daggers an uncursed banana an uncursed cram ration 2 uncursed eggs 4 uncursed fortune cookies an uncursed gunyoki 2 uncursed tripe rations an uncursed scroll of blank paper a cursed scroll of confuse monster an uncursed scroll of enchant armor an uncursed scroll of light an uncursed scroll of scare monster an uncursed can of grease (0:7) an uncursed mirror an uncursed +0 pick-axe named noncursed 7 uncursed tallow candles (0:200) an uncursed tinning kit (0:95) an uncursed worthless piece of blue glass 2 uncursed worthless pieces of orange glass 2 uncursed worthless pieces of red glass an uncursed worthless piece of violet glass Spells and supernatural/magical abilities: Name Level Category Fail Memory W - pray for help -- divine ? -- Your skills at the end: Miscellaneous Skills martial arts [Basic] wands [Basic] Weapon Skills short sword [Basic] long sword [Basic] bow [Basic] Spellcasting Skills Final Attributes: You were fervently aligned. You were fast. You are dead. Vanquished creatures: a ghost a leprechaun a lizard a gnome king a dingo a blue jelly a gnome mummy 2 human zombies 3 bugbears 2 wood nymphs a rock piercer 8 gnome lords 2 gnomish wizards a kobold mummy a straw golem 2 giant ants a kitten a dwarf 2 homunculi a kobold lord a kobold shaman an iguana 3 rothes a monkey a werejackal 2 killer bees a large kobold 4 geckos 2 hobgoblins a brown mold 29 gnomes 2 manes 3 jackals a fox 2 kobolds 3 newts 3 goblins 3 sewer rats 3 grid bugs 2 bats 2 lichens a kobold zombie 105 creatures vanquished. Voluntary challenges: You did not adorn yourself with jewelry or accessories. You used a wielded weapon 170 times, starting on turn 224. You did not apply a unicorn horn. You were illiterate. You never genocided any monsters. You never polymorphed an object. You never changed form. You used no wishes. You never split a pudding. You never wrote Elbereth's name. You never violated your personal moral code. Dungeon overview: The Dungeons of Doom: levels 1 to 6 Level 1 a long staircase Level 2 a fountain stairs to The Gnomish Mines Level 3 an armor shop, a sink Level 4 Level 5 Level 6 <- You were here a fountain, a throne The Gnomish Mines: levels 3 to 7 Level 3 stairs to The Dungeons of Doom Level 4 Level 5 Level 6 many shops, a temple to Amaterasu Omikami, a magic chest, some fountains, some trees Level 7 History has recorded: On T:1 you entered the Dungeons of Doom to retrieve the Amulet of Yendor! On T:276 you reached level 2 of The Dungeons of Doom. On T:352 you advanced to experience level 2. On T:570 you reached level 1 of The Gnomish Mines. On T:617 you reached level 2 of The Gnomish Mines. On T:624 you advanced to experience level 3. On T:696 you advanced to experience level 4. On T:1017 you advanced to experience level 5. On T:1201 you reached level 3 of The Gnomish Mines. On T:1216 you reached level 4 of The Gnomish Mines. On T:1236 you reached level 5 of The Gnomish Mines. On T:1262 you entered the Minetown temple On T:1272 you opened a magic chest. On T:1349 you opened a magic chest. On T:1354 you opened a magic chest. On T:1356 you opened a magic chest. On T:1362 you advanced to experience level 6. On T:1630 you opened a magic chest. On T:1631 you opened a magic chest. On T:1635 you opened a magic chest. On T:1635 you opened a magic chest. On T:1652 you opened a magic chest. On T:1652 you opened a magic chest. On T:1829 you opened a magic chest. On T:1836 you opened a magic chest. On T:1837 you opened a magic chest. On T:1963 you opened a magic chest. On T:1977 you opened a magic chest. On T:1982 you opened a magic chest. On T:1986 you opened a magic chest. On T:2582 you advanced to experience level 7. On T:3168 you reached level 3 of The Dungeons of Doom. On T:3477 you reached level 4 of The Dungeons of Doom. On T:3685 you reached level 5 of The Dungeons of Doom. On T:3930 you reached level 6 of The Dungeons of Doom. Score breakdown: Gold: 458 ( 45 points) Experience: 7 levels ( 600 points) Exploration: 7 levels ( 180 points) Discoveries: 10 items ( 500 points) Variety of kills: 42 monsters ( 2000 points) Major goal: reached Minetown ( 500 points) Survival: died (score multiplied by 3) Total score: 11475 Latest messages: You kill the kobold lord! You have a little trouble lifting C - a scroll of teleportation. You have a little trouble lifting D - a scroll called readme 80. You have a little trouble lifting E - a zinc wand. There is an open door here. There are several more objects here. The kobold lord punches you! The hobgoblin wields an orcish dagger! You slash the kobold lord! The hobgoblin thrusts her orcish dagger. The hobgoblin stabs you! The kobold lord drinks a potion called smoky 100! The kobold lord looks much better. You displace Polaris. Polaris misses the kobold lord. You hear some noises. The black unicorn butts! The black unicorn kicks! Polaris misses the kobold lord. The kobold lord misses Polaris. The black unicorn butts! You die... Final status: Sayonara hackurai the Samurai, killed by a black unicorn... You died in The Dungeons of Doom on dungeon level 6 with 11475 points, and 458 pieces of gold, after 4131 moves. You were level 7 with a maximum of 65 hit points when you died.